 Dungeon Crawl Stone Soup version 0.30-a0-142-g7370640ec8 (webtiles) character file.

Game seed: 11245266417772031988

127 Decritt the Conjurer (level 4, -5/37 HPs)
             Began as a Draconian Conjurer on Sept 26, 2022.
             Slain by Crazy Yiuf
             ... wielding a +4 quarterstaff of chaos
              (12 damage)
             ... on level 2 of the Dungeon.
             The game lasted 00:06:40 (2841 turns).

Decritt the Conjurer (Draconian Conjurer)           Turns: 2841, Time: 00:06:40

Health: -5/37      AC:  5    Str:  9    XL:     4   Next: 85%
Magic:  1/8        EV: 12    Int: 21    God:
Gold:   84         SH:  0    Dex:  9    Spells: 5/8 levels left

rFire   . . .      SeeInvis .    k - +0 arbalest
rCold   . . .      Faith    .    (shield currently unavailable)
rNeg    . . .      Spirit   .    (body armour unavailable)
rPois   +          Reflect  .    (helmet restricted)
rElec   .          Harm     .    (no cloak)
rCorr   .          Rampage  .    (no gloves)
Will    .....                    (no boots)
Stlth   ++........               (no amulet)
HPRegen 0.12/turn                i - ring of poison resistance
MPRegen 0.11/turn                (no ring)

@: lethally poisoned (-5 -> -10), unable to read
A: AC +5, unfitting armour, cold-blooded, hooves 1, sense surroundings 1,
inability to read after injury 1
a: no special abilities


You were on level 2 of the Dungeon.
You visited 1 branch of the dungeon, and saw 2 of its levels.

You collected 84 gold pieces.

Inventory:

Hand Weapons
 e - a +0 mace
 k - a +0 arbalest (weapon)
Jewellery
 i - a ring of poison resistance (left hand)
Scrolls
 b - a scroll of identify {unknown}
 c - 2 scrolls of teleportation {unknown}
 d - 2 scrolls of fog {unknown}
 f - a scroll of vulnerability {unknown}
 j - a scroll of noise {unknown}
Potions
 a - a potion of magic
 g - a potion of might {unknown}
 h - 2 potions of attraction {unknown}
 l - a potion of berserk rage {unknown}


   Skills:
 + Level 2.3 Fighting
 + Level 2.8 Dodging
 - Level 1.7 Stealth
 + Level 2.8 Spellcasting
 + Level 4.6 Conjurations


You had 5 spell levels left.
You knew the following spells:

 Your Spells              Type           Power      Damage    Failure   Level
a - Magic Dart            Conj           88%        1d7       1%          1
b - Searing Ray           Conj           44%        2d6       3%          2

Your spell library contained the following spells:

 Spells                   Type           Power      Damage    Failure   Level
 Dazzling Flash           Conj/Hex       24%        N/A       16%         3
 Fulminant Prism          Conj/Hex       6%         3d7       45%         4
 Iskenderun's Mystic Bla  Conj/Tloc      12%        2d5       45%         4


Dungeon Overview and Level Annotations

Branches:
Dungeon (2/15)

Altars:

Annotations:
D:2 Crazy Yiuf


Innate Abilities, Weirdness & Mutations

Your plain brown scales are hard. (AC +5)
You cannot fit into any form of body armour.
You are cold-blooded and may be slowed by cold attacks.
You have large cloven feet.
You passively map a small area around you.
You occasionally lose the ability to read scrolls when taking damage.


Message History

Crazy Yiuf burns you.
* * * LOW HITPOINT WARNING * * *
Casting: Searing Ray (safe; 3% risk of failure)
Confirm with . or Enter, or press ? or * to list all spells.
Aiming: Magic Dart (safe; 1% risk of failure)
Press: ? - help, Shift-Dir - straight line, f/p - Crazy Yiuf
Aim: Crazy Yiuf, wielding a +4 quarterstaff of chaos and wearing a +0 cloak (severely wounded, 100% to hit)
The magic dart hits Crazy Yiuf.
Crazy Yiuf is almost dead.
Crazy Yiuf barely misses you.
Casting: Magic Dart (safe; 1% risk of failure)
Confirm with . or Enter, or press ? or * to list all spells.
Aiming: Magic Dart (safe; 1% risk of failure)
Press: ? - help, Shift-Dir - straight line, f/p - Crazy Yiuf
Aim: Crazy Yiuf, wielding a +4 quarterstaff of chaos and wearing a +0 cloak (almost dead, 100% to hit)
The magic dart hits Crazy Yiuf.
Crazy Yiuf is almost dead.
Crazy Yiuf closely misses you.
Casting: Magic Dart (safe; 1% risk of failure)
Confirm with . or Enter, or press ? or * to list all spells.
Aiming: Magic Dart (safe; 1% risk of failure)
Press: ? - help, Shift-Dir - straight line, f/p - Crazy Yiuf
Aim: Crazy Yiuf, wielding a +4 quarterstaff of chaos and wearing a +0 cloak (almost dead, 100% to hit)
The magic dart hits Crazy Yiuf.
Crazy Yiuf is almost dead.
Crazy Yiuf hits you but does no damage.
You are poisoned.
Okay, then.
* * * LOW HITPOINT WARNING * * *
You feel very sick.
Crazy Yiuf screams, "Prologue!"
* * * LOW HITPOINT WARNING * * *
You feel sick.
* * * LOW HITPOINT WARNING * * *
You feel sick.
Crazy Yiuf laughs, "Seed King sizzlefizz!"
Crazy Yiuf attacks as you move away!
Crazy Yiuf hits you with a +4 quarterstaff of chaos!
You feel threatened and lose the ability to read scrolls!
You die...

#.###.##.# #####
#.....####....
#.# #.##.# #)..#
#.....# #####
#.###.##.# #...#
#.....#
#.#.....## *...
#.#####
#.......## #'#
#.# #######
#..#.....# #.##
#.# #......
#....)..## ##.#
#.# #.#####
#.#.)<..# #g##
#.######.#
#.#.#.### ##@#
#......#.#
#.#.#.# ##.##
#...##.#.#####
#.....####
##...#
###.##........
#........#
#..PP#
#.####.#####
##<...####
##..## #.# #.#
##)#.# ##....#
#.# #.#
#.#.######....##
#.# #.#
#.#.....<....##
#.# #.#
#.#########..#
#.# #.###


You could see Crazy Yiuf.

Vanquished Creatures
  Jessica (D:2)
  Robin (D:2)
  2 adders (D:2)
  A dart slug (D:2)
  6 ball pythons
  6 endoplasms
  5 giant cockroaches
  13 goblins
  7 hobgoblins
  2 quokkas (D:1)
  8 bats
  2 frilled lizards (D:1)
  3 kobolds (D:1)
  6 rats
63 creatures vanquished.

Vanquished Creatures (others)
  3 fungi
  3 plants (D:1)
6 creatures vanquished.

Grand Total: 69 creatures vanquished

Notes
Turn   | Place    | Note
-------+----------+-------------------------------------------
     0 | D:1      | Decritt the Draconian Conjurer began the quest for the Orb.
     0 | D:1      | Reached XP level 1. HP: 14/14 MP: 3/3
   285 | D:1      | Reached XP level 2. HP: 21/22 MP: 1/5
   367 | D:1      | Found a faded altar of an unknown god.
   412 | D:1      | Reached skill level 1 in Fighting
   798 | D:1      | Reached XP level 3. HP: 28/28 MP: 1/6
  1596 | D:2      | Noticed Robin
  1621 | D:2      | Killed Robin
  1622 | D:2      | Reached XP level 4. HP: 8/36 MP: 1/7
  1623 | D:2      | HP: 1/36 [goblin/+0 club[Robin] (3)]
  1625 | D:2      | Gained mutation: You occasionally lose the ability to read
                  | scrolls when taking damage. [potion of mutation]
  1625 | D:2      | Gained mutation: You passively map a small area around you.
                  | [potion of mutation]
  1625 | D:2      | Gained mutation: You have large cloven feet. [potion of
                  | mutation]
  1954 | D:2      | Learned a level 2 spell: Searing Ray
  2027 | D:2      | Noticed Jessica
  2040 | D:2      | Killed Jessica
  2825 | D:2      | Found a runed translucent door.
  2826 | D:2      | Noticed Crazy Yiuf
  2841 | D:2      | Slain by Crazy Yiuf

Illustrated notes

Levels and vault maps discovered:
D:1:      elethiomel_arrival_maze, layout_basic,
          shapermc_ecumenical_altar_mp_ritualfount
D:2:      layout_loops_ring, kennysheep_generic_room_5, uniq_jessica,
          uniq_robin, uniq_crazy_yiuf_cottage

Skill      XL: |  1  2  3  4 |
---------------+-------------+-----
Dodging        | 2 |  2.8
Fighting       | 1 2 |  2.3
Stealth        | |  1.7
Spellcasting   | |  2.8
Conjurations   | |  4.6

Action                   |  1- 3 |  4- 6 || total
-------------------------+-------+-------++-------
Melee: Unarmed           |    13 |       ||    13
       Mace              |    44 |    12 ||    56
       Tailslap          |     3 |     1 ||     4
 Fire: Arbalest          |       |     5 ||     5
 Cast: Magic Dart        |    85 |    25 ||   110
       Searing Ray       |       |     8 ||     8
  Use: Potion            |       |     2 ||     2
Armor: Skin              |    35 |    16 ||    51
Dodge: Dodged            |    70 |    43 ||   113

Table legend: (Time is in decaauts)
 A = Elapsed time spent in this place.
 B = Non-inter-level travel time spent in this place.
 C = Inter-level travel time spent in this place.
 D = Time resting spent in this place.
 E = Time spent auto-exploring this place.
 F = Levels seen in this place.
 G = Mean time per level.
                   A        B        C        D        E       F      G
               +--------+--------+--------+--------+--------+-----+--------+
         Total |   2880 |   2858 |     22 |    433 |   1962 |   2 | 1440.0 |
       Dungeon |   2880 |   2858 |     22 |    433 |   1962 |   2 | 1440.0 |
               +--------+--------+--------+--------+--------+-----+--------+

Top non-repeatable levels by time:
     D:1: 1614 daAuts
     D:2: 1266 daAuts
